[ AOE2 MATCH · #508080507 ]
UnrankedBohemians vs Malians
Player's team · LOSS
Rival team · WIN
[ REPLAY ANALYSIS · EXTRACTED FROM THE RECORDED GAME ]
Feudal
10:46
Castle
20:25
Imperial
—
| APM avg | 42.1 |
| APM peak | 84 |
| eAPM avg | 23.3 |
| Villagers / military | 59 / 30 |
Focus
⚔️ 40.0% · 🌾 60.0%
Skirmisher ×9 · Archer ×8 · Spearman ×5 · Militia ×4 · Monk ×2 · Mangonel ×2
Feudal
9:18
Castle
20:10
Imperial
—
| APM avg | 49.2 |
| APM peak | 91 |
| eAPM avg | 19.8 |
| Villagers / military | 47 / 41 |
Focus
⚔️ 33.8% · 🌾 66.2%
Knight ×18 · Skirmisher ×14 · Scout Cavalry ×4 · Mangonel ×3 · Archer ×1 · Spearman ×1
Match map
Initial resources + every placement click. Lines = walls · curves = elevation contours. ◆ gold · ⬟ stone · ● berries · ✦ relic · ◌ wall gap
Your base· ✓ Closed at 20:25 · 30t walls · no gate
VLC | Raconteur's base· ✓ Closed at 20:10 · 30t walls · 1 gate(s)
Smoothed initial terrain · ◌ = detected wall gap · hover for details
Inputs per minute
— J40 | Odiseo - - VLC | Raconteur
Build order — J40 | Odiseo
First 150 of 156 actions detected
| 0:04 | Queue | Villager (Male) |
| 0:05 | Queue | Villager (Male) |
| 0:05 | Queue | Villager (Male) |
| 0:06 | Build | House |
| 0:08 | Build | House |
| 0:33 | Queue | Villager (Male) |
| 1:36 | Queue | Villager (Male) |
| 1:55 | Queue | Villager (Male) |
| 2:05 | Build | Lumber Camp |
| 2:24 | Queue | Villager (Male) |
| 2:52 | Queue | Villager (Male) |
| 3:17 | Queue | Villager (Male) |
| 3:41 | Queue | Villager (Male) |
| 3:55 | Queue | Villager (Male) |
| 4:02 | Build | House |
| 4:30 | Queue | Villager (Male) |
| 4:34 | Build | Barracks |
| 4:43 | Queue | Villager (Male) |
| 4:58 | Queue | Villager (Male) |
| 5:07 | Queue | Villager (Male) |
| 5:15 | Build | House |
| 5:16 | Build | House |
| 5:33 | Queue | Militia |
| 5:58 | Queue | Militia |
| 5:59 | Queue | Militia |
| 6:17 | Queue | Villager (Male) |
| 6:18 | Queue | Militia |
| 6:25 | Build | Mill |
| 6:29 | Queue | Villager (Male) |
| 6:52 | Queue | Villager (Male) |
| 7:08 | Build | Farm |
| 7:17 | Queue | Villager (Male) |
| 7:25 | Build | Farm |
| 8:02 | Queue | Villager (Male) |
| 8:04 | Research | Loom |
| 8:36 | Research | Feudal Age |
| 8:59 | Build | Lumber Camp |
| 9:19 | Build | Mining Camp |
| 9:39 | Queue | Villager (Male) |
| 10:41 | Build | House |
| 10:46 | Age | Feudal Age |
| 10:47 | Queue | Spearman |
| 10:51 | Build | Archery Range |
| 10:54 | Queue | Villager (Male) |
| 11:04 | Build | Archery Range |
| 11:13 | Build | Blacksmith |
| 11:18 | Queue | Villager (Male) |
| 11:37 | Queue | Villager (Male) |
| 11:44 | Research | Double-Bit Axe |
| 11:44 | Research | Horse Collar |
| 11:47 | Build | Farm |
| 11:49 | Build | Farm |
| 12:02 | Build | House |
| 12:05 | Queue | Skirmisher |
| 12:06 | Queue | Villager (Male) |
| 12:14 | Build | House |
| 12:17 | Build | Palisade Wall |
| 12:27 | Queue | Skirmisher |
| 12:31 | Queue | Villager (Male) |
| 12:34 | Build | Palisade Wall |
| 12:40 | Queue | Skirmisher |
| 12:42 | Build | Palisade Wall |
| 12:45 | Build | Palisade Wall |
| 12:58 | Queue | Skirmisher |
| 13:11 | Queue | Villager (Male) |
| 13:14 | Build | Farm |
| 13:19 | Build | Farm |
| 13:21 | Queue | Villager (Male) |
| 13:26 | Build | Mill |
| 13:43 | Queue | Villager (Male) |
| 13:52 | Queue | Skirmisher |
| 13:55 | Research | Fletching |
| 14:02 | Build | Farm |
| 14:10 | Queue | Skirmisher |
| 14:16 | Build | Farm |
| 14:30 | Queue | Villager (Male) |
| 14:32 | Queue | Villager (Male) |
| 14:38 | Build | Farm |
| 14:41 | Queue | Villager (Male) |
| 14:50 | Queue | Skirmisher |
| 15:05 | Queue | Skirmisher |
| 15:18 | Build | Farm |
| 15:21 | Build | Farm |
| 15:24 | Queue | Villager (Male) |
| 15:28 | Build | House |
| 15:33 | Build | Farm |
| 15:56 | Build | Farm |
| 15:58 | Build | Farm |
| 16:09 | Queue | Villager (Male) |
| 16:20 | Build | Market |
| 16:38 | Build | Farm |
| 16:40 | Queue | Villager (Male) |
| 16:44 | Build | Farm |
| 16:47 | Build | Farm |
| 17:04 | Build | Farm |
| 17:08 | Build | Farm |
| 17:17 | Queue | Villager (Male) |
| 17:28 | Build | Farm |
| 17:42 | Research | Castle Age |
| 17:51 | Research | Padded Archer Armor |
| 18:29 | Research | Wheelbarrow |
| 18:33 | Queue | Archer |
| 18:52 | Research | Town Watch |
| 18:55 | Queue | Archer |
| 19:16 | Build | Archery Range |
| 19:25 | Build | Lumber Camp |
| 19:41 | Queue | Archer |
| 19:49 | Build | House |
| 19:52 | Queue | Archer |
| 20:02 | Build | Palisade Wall |
| 20:15 | Queue | Archer |
| 20:25 | Age | Castle Age |
| 20:35 | Research | Elite Skirmisher (upgrade) |
| 20:57 | Build | Siege Workshop |
| 21:05 | Research | Bodkin Arrow |
| 21:14 | Queue | Archer |
| 21:36 | Build | House |
| 21:43 | Queue | Skirmisher |
| 21:45 | Queue | Villager (Male) |
| 22:06 | Queue | Villager (Male) |
| 22:11 | Build | House |
| 22:17 | Queue | Mangonel |
| 22:38 | Research | Crossbowman (upgrade) |
| 23:14 | Queue | Villager (Male) |
| 23:16 | Queue | Spearman |
| 23:17 | Queue | Archer |
| 23:17 | Queue | Archer |
| 23:22 | Queue | Villager (Male) |
| 23:49 | Queue | Villager (Male) |
| 23:50 | Queue | Villager (Male) |
| 24:12 | Queue | Villager (Male) |
| 24:14 | Queue | Spearman |
| 24:14 | Queue | Spearman |
| 24:14 | Queue | Spearman |
| 24:25 | Queue | Mangonel |
| 24:39 | Build | House |
| 24:40 | Queue | Villager (Male) |
| 24:40 | Queue | Villager (Male) |
| 24:44 | Queue | Villager (Male) |
| 24:49 | Queue | Villager (Male) |
| 24:55 | Queue | Villager (Male) |
| 24:55 | Queue | Villager (Male) |
| 25:19 | Build | Monastery |
| 25:46 | Queue | Monk |
| 25:48 | Queue | Villager (Male) |
| 25:52 | Build | Lumber Camp |
| 25:53 | Queue | Villager (Male) |
| 25:54 | Queue | Villager (Male) |
| 26:05 | Queue | Villager (Male) |
| 26:16 | Queue | Villager (Male) |
Build order — VLC | Raconteur
First 150 of 166 actions detected
| 0:01 | Queue | Villager (Male) |
| 0:03 | Build | House |
| 0:04 | Build | House |
| 0:09 | Queue | Villager (Male) |
| 0:21 | Queue | Villager (Male) |
| 0:38 | Queue | Villager (Male) |
| 1:28 | Queue | Villager (Male) |
| 1:56 | Queue | Villager (Male) |
| 2:05 | Build | Lumber Camp |
| 2:27 | Queue | Villager (Male) |
| 2:36 | Build | House |
| 2:40 | Queue | Villager (Male) |
| 3:09 | Queue | Villager (Male) |
| 3:09 | Queue | Villager (Male) |
| 3:38 | Queue | Villager (Male) |
| 3:59 | Queue | Villager (Male) |
| 4:20 | Queue | Villager (Male) |
| 4:20 | Queue | Villager (Male) |
| 4:36 | Queue | Villager (Male) |
| 4:39 | Build | Mill |
| 4:47 | Queue | Villager (Male) |
| 5:08 | Queue | Villager (Male) |
| 5:23 | Build | House |
| 5:31 | Queue | Villager (Male) |
| 6:15 | Build | Barracks |
| 6:36 | Research | Loom |
| 6:40 | Build | Palisade Wall |
| 6:45 | Build | House |
| 6:49 | Build | Palisade Wall |
| 6:50 | Build | Palisade Wall |
| 7:08 | Research | Feudal Age |
| 7:17 | Build | House |
| 7:18 | Build | Palisade Wall |
| 7:36 | Queue | Villager (Male) |
| 7:59 | Build | Palisade Wall |
| 8:22 | Build | Palisade Wall |
| 8:40 | Build | House |
| 8:44 | Build | Palisade Wall |
| 8:45 | Build | Palisade Wall |
| 9:18 | Age | Feudal Age |
| 9:21 | Research | Double-Bit Axe |
| 9:23 | Build | Archery Range |
| 9:28 | Queue | Villager (Male) |
| 9:56 | Queue | Villager (Male) |
| 10:01 | Build | House |
| 10:06 | Build | Palisade Wall |
| 10:22 | Queue | Villager (Male) |
| 10:25 | Queue | Archer |
| 10:36 | Build | Mining Camp |
| 10:44 | Queue | Skirmisher |
| 10:46 | Queue | Spearman |
| 10:58 | Research | Horse Collar |
| 11:14 | Queue | Skirmisher |
| 11:18 | Queue | Villager (Male) |
| 11:20 | Queue | Skirmisher |
| 11:23 | Build | Mill |
| 11:27 | Queue | Skirmisher |
| 11:30 | Queue | Villager (Male) |
| 11:33 | Build | Farm |
| 11:45 | Build | House |
| 11:48 | Build | Palisade Wall |
| 11:51 | Queue | Skirmisher |
| 11:52 | Queue | Villager (Male) |
| 12:00 | Build | House |
| 12:02 | Build | Palisade Wall |
| 12:04 | Queue | Villager (Male) |
| 12:24 | Build | Farm |
| 12:32 | Queue | Villager (Male) |
| 12:35 | Build | Palisade Wall |
| 12:39 | Queue | Skirmisher |
| 12:50 | Build | Farm |
| 12:57 | Build | Palisade Gate |
| 12:59 | Build | Palisade Wall |
| 13:02 | Queue | Villager (Male) |
| 13:04 | Build | Farm |
| 13:07 | Build | House |
| 13:11 | Build | Palisade Wall |
| 13:21 | Build | Farm |
| 13:23 | Build | Farm |
| 13:38 | Queue | Villager (Male) |
| 13:41 | Build | Farm |
| 14:10 | Queue | Villager (Male) |
| 14:13 | Build | Farm |
| 14:16 | Build | Farm |
| 15:08 | Queue | Villager (Male) |
| 15:11 | Build | Farm |
| 15:13 | Build | Farm |
| 15:17 | Build | Stable |
| 15:21 | Build | Farm |
| 15:22 | Queue | Villager (Male) |
| 15:37 | Build | Lumber Camp |
| 16:10 | Queue | Villager (Male) |
| 16:40 | Queue | Villager (Male) |
| 16:42 | Build | Market |
| 16:49 | Build | Market |
| 16:55 | Build | House |
| 16:55 | Build | House |
| 17:03 | Queue | Villager (Male) |
| 17:14 | Build | Farm |
| 17:29 | Research | Castle Age |
| 17:40 | Queue | Skirmisher |
| 18:05 | Build | Blacksmith |
| 18:07 | Queue | Skirmisher |
| 18:19 | Queue | Scout Cavalry |
| 18:41 | Queue | Skirmisher |
| 18:42 | Queue | Scout Cavalry |
| 18:47 | Research | Fletching |
| 18:48 | Research | Fletching |
| 18:55 | Queue | Scout Cavalry |
| 18:56 | Queue | Skirmisher |
| 19:04 | Research | Padded Archer Armor |
| 19:04 | Research | Padded Archer Armor |
| 19:16 | Queue | Skirmisher |
| 19:26 | Queue | Villager (Male) |
| 19:37 | Queue | Villager (Male) |
| 19:41 | Queue | Skirmisher |
| 19:44 | Queue | Scout Cavalry |
| 19:55 | Research | Scale Barding Armor |
| 20:10 | Age | Castle Age |
| 20:18 | Build | Siege Workshop |
| 20:22 | Queue | Knight |
| 20:30 | Research | Elite Skirmisher (upgrade) |
| 20:31 | Queue | Villager (Male) |
| 20:50 | Research | Bodkin Arrow |
| 21:03 | Queue | Knight |
| 21:21 | Queue | Villager (Male) |
| 21:25 | Queue | Knight |
| 21:36 | Queue | Knight |
| 21:49 | Queue | Villager (Male) |
| 22:08 | Queue | Villager (Male) |
| 22:11 | Queue | Mangonel |
| 22:13 | Build | House |
| 22:14 | Queue | Knight |
| 22:32 | Queue | Villager (Male) |
| 22:40 | Queue | Mangonel |
| 22:53 | Build | House |
| 22:58 | Queue | Knight |
| 23:05 | Queue | Mangonel |
| 23:12 | Build | House |
| 23:14 | Queue | Villager (Male) |
| 23:19 | Queue | Knight |
| 23:34 | Build | Outpost |
| 23:34 | Queue | Villager (Male) |
| 23:38 | Queue | Knight |
| 23:59 | Queue | Skirmisher |
| 24:06 | Queue | Skirmisher |
| 24:16 | Queue | Villager (Male) |
| 24:21 | Queue | Knight |
| 24:29 | Build | University |
| 24:49 | Queue | Knight |
Match timeline
| 4:34 | J40 | Odiseo · first_building Barracks |
| 6:15 | VLC | Raconteur · first_building Barracks |
| 6:40 | VLC | Raconteur · wall_segment Palisade Wall x3 |
| 6:49 | VLC | Raconteur · wall_segment Palisade Wall x4 |
| 6:50 | VLC | Raconteur · wall_segment Palisade Wall x2 |
| 7:18 | VLC | Raconteur · wall_segment Palisade Wall x1 |
| 7:59 | VLC | Raconteur · wall_segment Palisade Wall x1 |
| 8:22 | VLC | Raconteur · wall_segment Palisade Wall x4 |
| 8:44 | VLC | Raconteur · wall_segment Palisade Wall x1 |
| 8:45 | VLC | Raconteur · wall_segment Palisade Wall x1 |
| 9:18 | VLC | Raconteur · age_up feudal |
| 9:23 | VLC | Raconteur · first_building Archery Range |
| 10:06 | VLC | Raconteur · wall_segment Palisade Wall x1 |
| 10:46 | J40 | Odiseo · age_up feudal |
| 10:51 | J40 | Odiseo · first_building Archery Range |
| 11:48 | VLC | Raconteur · wall_segment Palisade Wall x4 |
| 12:02 | VLC | Raconteur · wall_segment Palisade Wall x6 |
| 12:17 | J40 | Odiseo · wall_segment Palisade Wall x15 |
| 12:34 | J40 | Odiseo · wall_segment Palisade Wall x9 |
| 12:35 | VLC | Raconteur · wall_segment Palisade Wall x4 |
| 12:42 | J40 | Odiseo · wall_segment Palisade Wall x4 |
| 12:45 | J40 | Odiseo · wall_segment Palisade Wall x1 |
| 12:59 | VLC | Raconteur · wall_segment Palisade Wall x1 |
| 13:11 | VLC | Raconteur · wall_segment Palisade Wall x1 |
| 15:17 | VLC | Raconteur · first_building Stable |
| 17:26 | VLC | Raconteur · first_market_buy 100 food |
| 17:31 | J40 | Odiseo · first_market_buy 100 food |
| 17:42 | J40 | Odiseo · first_market_sell 100 wood |
| 20:02 | J40 | Odiseo · wall_segment Palisade Wall x1 |
| 20:10 | VLC | Raconteur · age_up castle |
| 20:18 | VLC | Raconteur · first_building Siege Workshop |
| 20:25 | J40 | Odiseo · age_up castle |
| 20:57 | J40 | Odiseo · first_building Siege Workshop |
| 25:19 | J40 | Odiseo · first_building Monastery |
| 27:16 | J40 | Odiseo · resign |
[ AI ANALYSIS · 1 CREDIT ]
What really happened in this match?
Wolo.gg analyzes every decision: build order, eco, micro, common mistakes by bracket. Personalized analysis on WhatsApp or Discord in 30 seconds.
Civ guide
Bohemians
Perfil
Jugador #1343964